 Dungeon Crawl Stone Soup version 0.32-a0-290-g598725c5f2 (webtiles) character file.

Game seed: 9937901373398285853

247 Dittersdorf the Trooper (level 6, -3/39 HPs)
             Began as a Gargoyle Fighter on Feb 13, 2024.
             Slain by a crocodile (8 damage)
             ... in a sewer.
             The game lasted 00:03:52 (3588 turns).

Dittersdorf the Trooper (Gargoyle Fighter)          Turns: 3588, Time: 00:03:52

Health: -3/39      AC: 12    Str: 21    XL:     6   Next: 11%
Magic:  6/6        EV:  9    Int:  9    God:
Gold:   252        SH:  4    Dex:  9    Spells: 2/5 levels left

rFire   . . .        a - +0 flail
rCold   . . .        c - +0 buckler
rNeg    + . .        b - +0 scale mail
rPois   ∞            (no helmet)
rElec   +            h - +0 cloak
rCorr   +            (no gloves)
SInv    .            (no boots)
Will    .....        (no amulet) Stlth
                     f - ring of resist corrosion
HPRegen 0.26/turn    (no ring)
MPRegen 0.10/turn

%: no passive effects
@: no status effects
A: sickness immunity, AC +4, negative energy resistance 1, electricity
resistance, torment resistance 1, petrification resistance
a: no special abilities


You were in a sewer.
You visited 1 branch of the dungeon, and saw 3 of its levels.
You also visited: Sewer.

You collected 252 gold pieces.

Inventory:

Hand Weapons
 a - a +0 flail (weapon)
Armour
 b - a +0 scale mail (worn)
 c - a +0 buckler (worn)
 h - a +0 cloak (worn)
Jewellery
 f - a ring of resist corrosion (left hand)
Scrolls
 i - a scroll of revelation {unknown}
 j - 2 scrolls of blinking
 k - a scroll of teleportation {unknown}
Potions
 d - a potion of might
 e - 2 potions of curing
 g - a potion of berserk rage
 l - a potion of mutation {unknown}
 m - a potion of magic {unknown}


   Skills:
 + Level 4.6 Fighting
 + Level 3.5 Maces & Flails
 + Level 4.5 Armour
 + Level 4.6 Shields


You had 2 spell levels left.
You knew the following spells:

 Your Spells              Type           Power      Damage    Failure   Level
a - Passwall              Erth           0%         N/A       98%         3

Your spell library contained the following spells:

 Spells                   Type           Power      Damage    Failure   Level
 Sandblast                Erth           0%         2d4       78%         1
 Call Imp                 Summ           0%         N/A       89%         2
 Stone Arrow              Conj/Erth      0%         3d7       98%         3
 Brom's Barrelling Bould  Conj/Erth      0%         2d3       100%        4
 Summon Hydra             Summ           0%         N/A       100%        7
 Sublimation of Blood     Necr           Unusable   N/A       N/A         2

Dungeon Overview and Level Annotations

Branches:
Dungeon (3/15)              Sewer (1/1)

Altars:


Innate Abilities, Weirdness & Mutations

You are immune to sickness and miasma.
Your stone body is resilient. (AC +4)
You are immune to poison.
You resist negative energy. (rN+)
You are resistant to electric shocks. (rElec)
You are resistant to unholy torment.
You are immune to petrification.


Message History

The crocodile is lightly wounded.
The crocodile bites you!
You are too injured to fight recklessly!
You are too injured to fight recklessly!
You are too injured to fight recklessly!
You are too injured to fight recklessly!
You are too injured to fight recklessly!
You are too injured to fight recklessly!
You are too injured to fight recklessly!
You are too injured to fight recklessly!
You are too injured to fight recklessly!
You are too injured to fight recklessly!
You are too injured to fight recklessly!
You are too injured to fight recklessly!
You are too injured to fight recklessly!
You are too injured to fight recklessly!
You are too injured to fight recklessly!
You are too injured to fight recklessly!
You are too injured to fight recklessly!
You closely miss the crocodile.
The crocodile is lightly wounded.
The crocodile bites you.
* * * LOW HITPOINT WARNING * * *
You sock the crocodile!
The crocodile is moderately wounded.
The crocodile bites you but does no damage.
You sock the crocodile!
The crocodile is heavily wounded.
The crocodile closely misses you. You block the crocodile's attack.
You barely miss the crocodile.
The crocodile is heavily wounded.
You block the crocodile's attack.
You closely miss the crocodile.
The crocodile is heavily wounded.
The crocodile bites you!
* * * LOW HITPOINT WARNING * * *
You closely miss the crocodile.
The crocodile is heavily wounded.
The crocodile barely misses you. The crocodile bites you!
You die...

#..~
#~~.#
#..#
##..# #.~
#~.# #.
#~.#
##..#
#.~.# #.
##..##
#...#~..#
#.~.~@##
#.~..l#
##~~.##
#.~.
$.#~#
#([#. ##
##


You could see a crocodile.

Vanquished Creatures
  Natasha (thrice) (D:1)
  3 adders (D:2)
  3 ribbon worms
  3 dart slugs
  4 ball pythons
  4 endoplasms
  4 giant cockroaches
  6 goblins
  11 hobgoblins
  10 jackals
  A quokka (D:2)
  3 bats (D:1)
  7 frilled lizards
  7 kobolds
  9 rats
78 creatures vanquished.

Notes
Turn   | Place    | Note
-------+----------+-------------------------------------------
     0 | D:1      | Dittersdorf the Gargoyle Fighter began the quest for the
                  | Orb.
     0 | D:1      | Reached XP level 1. HP: 14/14 MP: 1/1
    56 | D:1      | Reached XP level 2. HP: 7/19 MP: 2/2
   183 | D:1      | Reached XP level 3. HP: 23/23 MP: 3/3
   582 | D:1      | Reached XP level 4. HP: 27/29 MP: 4/4
   967 | D:2      | Noticed Natasha
  1049 | D:1      | Killed Natasha
  1868 | D:1      | Noticed Natasha
  1879 | D:1      | Killed Natasha
  1880 | D:1      | Reached XP level 5. HP: 28/33 MP: 5/5
  1883 | D:1      | Noticed Natasha
  1908 | D:1      | Killed Natasha
  2666 | D:2      | Found a faded altar of an unknown god.
  3380 | D:3      | Learned a level 3 spell: Passwall
  3416 | D:3      | Reached XP level 6. HP: 38/39 MP: 6/6
  3449 | D:3      | Found a glowing drain.
  3484 | Sewer    | Entered a sewer
  3588 | Sewer    | Slain by a crocodile

Illustrated notes

Levels and vault maps discovered:
D:1:      saegor_arrival_simple_e, layout_loops_ring, serial_bayou,
          serial_bayou_pond_a, serial_bayou_pond_d, serial_bayou_pond_d,
          serial_bayou_pond_c, grunt_decor_clamped, chequers_jeans
D:2:      layout_rooms, shapermc_ecumenical_altar_venn, uniq_natasha
D:3:      layout_basic, mainiacjoe_sewer_entry_somewhere_in_here_1,
          serial_curves, eino_curves_03, eino_curves_03, eino_curves_02,
          uniq_robin, uniq_sigmund
Sewer:    sewer_the_crocodile

Skill      XL: |  1  2  3  4 |
---------------+-------------+-----
Fighting       | 4 |  4.6
Armour         | 4 |  4.5
Shields        | 4 |  4.6
Maces & Flails | 3 |  3.5

Action                     |  1- 3 |  4- 6 || total
---------------------------+-------+-------++-------
  Melee: Flail             |    80 |   219 ||   299
    Use: Scroll            |       |     6 ||     6
   Stab: Distracted        |       |     1 ||     1
 Armour: Scale mail        |    56 |   167 ||   223
  Dodge: Dodged            |    42 |   100 ||   142
  Block: Buckler           |    20 |    56 ||    76

Table legend: (Time is in decaauts)
 A = Elapsed time spent in this place.
 B = Non-inter-level travel time spent in this place.
 C = Inter-level travel time spent in this place.
 D = Time resting spent in this place.
 E = Time spent auto-exploring this place.
 F = Levels seen in this place.
 G = Mean time per level.
                   A        B        C        D        E       F      G
               +--------+--------+--------+--------+--------+-----+--------+
         Total |   3701 |   3581 |    120 |    235 |   2396 |   4 |  925.2 |
       Dungeon |   3583 |   3463 |    120 |    235 |   2334 |   3 | 1194.3 |
         Sewer |    118 |    118 |      0 |      0 |     61 |   1 |  118.0 |
               +--------+--------+--------+--------+--------+-----+--------+

Top non-repeatable levels by time:
     D:1: 2504 daAuts
     D:2: 600 daAuts
     D:3: 478 daAuts
   Sewer: 118 daAuts
